Map: Simulacrum LE

Players

sOs - Winner!

  • Race: Protoss Protoss
  • Spawn Location: 11:00

Stats

  • Race: Protoss Protoss
  • Spawn Location: 5:00

Event: IEM Katowice 2020

VOD

Have the link to the VOD?

Description

Time

  • Played on: Feb. 29, 2020, 9:12 a.m.
  • Length: 11:17

All games in this series

Show
View Real Time Build Order
Export as new Build Order

sOs Protoss - Winner!

Build Orders: Phoenix Opening, Dark Templar Rush 

Get SALT Encoding   

  12  0:00  Probe  
  13  0:12  Probe  
  14  0:19  Pylon  
  14  0:25  Probe (Chrono Boost)  
  15  0:37  Gateway  
  15  0:38  Probe (Chrono Boost)  
  16  0:44  Probe (Chrono Boost)  
  16  0:46  Assimilator  
  17  0:53  Probe (Chrono Boost)  
  17  0:54  Assimilator  
  18  1:05  Probe (Chrono Boost)  
  18  1:07  Gateway  
  19  1:13  Probe (Chrono Boost)  
  20  1:19  Probe  
  20  1:24  Cybernetics Core  
  21  1:31  Probe  
  22  1:32  Pylon  
  22  1:43  Probe  
  23  1:55  Probe  
  23  1:58  Warp Gate (Chrono Boost)  
  23  2:00  Stalker x2  
  28  2:10  Pylon  
  28  2:16  Probe  
  29  2:30  Stalker x2  
  29  2:36  Twilight Council  
  33  3:04  Nexus  
  35  3:05  Sentry  
  35  3:10  Pylon  
  35  3:14  Probe  
  36  3:28  Dark Shrine  
  36  3:29  Probe  
  37  3:40  Phoenix  
  36  3:41  Probe  
  36  3:45  Adept x2  
  38  3:53  Probe  
  39  4:01  Blink  
  39  4:05  Probe  
  40  4:17  Probe (Chrono Boost)  
  40  4:18  Probe (Chrono Boost)  
  42  4:27  Probe x2 (Chrono Boost)  
  44  4:32  Probe x2 (Chrono Boost)  
  42  4:43  Gateway, Dark Templar  
  42  4:44  Probe x2, Dark Templar  
  48  4:53  Gateway  
  48  4:55  Assimilator  
  48  4:56  Probe x2  
  50  5:08  Probe  
  51  5:16  Stalker  
  51  5:17  Probe  
  51  5:20  Probe  
  55  5:35  Probe x2  
  55  5:38  Nexus  
  55  5:46  Pylon  
  55  5:47  Pylon  
  55  5:48  Stalker x3  
  61  5:52  Forge  
  61  5:59  Charge (Chrono Boost)  
  61  6:06  Gateway  
  61  6:07  Gateway  
  61  6:10  Sentry  
  63  6:12  Stalker x2  
  63  6:13  Stalker  
  67  6:24  Probe  
  66  6:37  Stalker x3  
  70  6:41  Gateway  
  70  6:42  Probe x2 (Chrono Boost)  
  72  6:49  Zealot  
  72  6:50  Robotics Facility  
  72  6:53  Probe (Chrono Boost)  
  76  7:00  Probe x2 (Chrono Boost), Zealot x4  
  85  7:04  Pylon  
  85  7:05  Phoenix, Protoss Ground Weapons Level 1 (Chrono Boost)  
  85  7:16  Pylon  
  85  7:20  Pylon  
  85  7:22  Probe x3  
  88  7:28  Zealot  
  88  7:29  Zealot  
  92  7:34  Probe  
  92  7:36  Pylon x2  
  93  7:37  Zealot x2  
  93  7:38  Observer (Chrono Boost)  
  98  7:48  Zealot x2  
  98  7:50  Pylon  
  102  7:58  Warp Prism  
  104  8:07  Zealot  
  104  8:08  Zealot x4  
  114  8:14  Zealot x2  
  114  8:17  Probe x2  
  114  8:18  Probe  
  121  8:32  Templar Archives  
  121  8:37  Probe  
  121  8:38  Probe  
  121  8:40  Photon Cannon  
  123  8:42  Assimilator  
  123  8:44  Assimilator  
  123  8:45  Zealot x5  
  133  8:51  Protoss Ground Weapons Level 2 (Chrono Boost)  
  133  8:53  Photon Cannon  
  133  8:56  Pylon  
  133  9:06  Photon Cannon  
  133  9:10  Pylon  
  133  9:13  Assimilator  
  133  9:14  Probe, Pylon  
  132  9:19  Dark Templar  
  132  9:20  High Templar x3  
  132  9:22  Pylon  
  140  9:29  Pylon  
  140  9:35  Archon  
  140  9:37  High Templar, Zealot x2  
  146  9:42  Observer  
  147  9:46  Archon  
  147  9:52  Sentry  
  147  9:53  Pylon  
  147  9:54  Pylon  
  149  10:01  High Templar x2, Zealot x3  
  149  10:05  Archon, Gateway  
  149  10:06  Gateway  
  159  10:07  Warp Prism (Chrono Boost)  
  159  10:10  Robotics Bay  
  161  10:32  High Templar x2  
  161  10:33  Zealot x5  
  173  10:36  Archon  
  143  10:57  Zealot x5  
  119  11:09  Zealot  
  119  11:10  Zealot  
Show
View Real Time Build Order
Export as new Build Order

Stats Protoss 

Build Orders: Phoenix Opening 

Get SALT Encoding   

  12  0:00  Probe  
  13  0:12  Probe  
  14  0:17  Pylon  
  14  0:25  Probe (Chrono Boost)  
  15  0:36  Gateway  
  15  0:37  Probe (Chrono Boost)  
  16  0:45  Probe (Chrono Boost)  
  16  0:46  Assimilator  
  17  0:51  Probe  
  17  0:54  Assimilator  
  18  1:03  Probe (Chrono Boost)  
  19  1:07  Gateway  
  19  1:14  Probe (Chrono Boost)  
  20  1:19  Probe (Chrono Boost)  
  20  1:24  Cybernetics Core  
  21  1:29  Probe  
  22  1:33  Pylon  
  22  1:41  Probe  
  23  1:53  Probe  
  24  1:57  Warp Gate (Chrono Boost)  
  24  2:00  Stalker  
  26  2:09  Sentry  
  28  2:17  Pylon  
  28  2:30  Stalker  
  28  2:35  Sentry  
  32  2:40  Nexus  
  32  2:41  Phoenix  
  31  2:46  Pylon  
  31  2:49  Probe  
  32  3:01  Stalker  
  32  3:02  Sentry  
  36  3:09  Shield Battery  
  36  3:11  Probe  
  37  3:20  Twilight Council  
  37  3:29  Probe  
  38  3:44  Probe (Chrono Boost)  
  38  3:46  Robotics Facility  
  37  3:52  Probe (Chrono Boost)  
  39  3:57  Probe (Chrono Boost)  
  39  4:02  Probe (Chrono Boost), Blink  
  40  4:03  Probe (Chrono Boost)  
  40  4:06  Pylon  
  40  4:08  Probe  
  42  4:10  Probe  
  42  4:13  Shield Battery  
  42  4:16  Phoenix  
  43  4:20  Probe  
  43  4:22  Probe  
  45  4:26  Stalker x2  
  45  4:29  Shield Battery  
  48  4:39  Probe (Chrono Boost)  
  48  4:40  Observer  
  48  4:41  Probe (Chrono Boost)  
  50  4:47  Pylon  
  50  4:51  Probe (Chrono Boost), Forge  
  52  4:54  Probe (Chrono Boost)  
  52  4:56  Probe (Chrono Boost)  
  53  5:02  Probe  
  53  5:05  Probe  
  59  5:10  Assimilator  
  59  5:12  Assimilator  
  59  5:14  Probe  
  59  5:18  Observer  
  59  5:20  Adept  
  55  5:21  Adept  
  55  5:23  Probe  
  55  5:27  Probe  
  56  5:34  Protoss Ground Weapons Level 1 (Chrono Boost)  
  57  5:35  Probe (Chrono Boost)  
  57  5:42  Probe (Chrono Boost)  
  58  5:47  Probe (Chrono Boost), Stalker x2  
  63  5:54  Probe x2 (Chrono Boost)  
  63  5:56  Pylon  
  65  6:02  Photon Cannon  
  65  6:03  Probe  
  66  6:04  Gateway  
  66  6:15  Probe x2  
  66  6:17  Gateway  
  66  6:18  Charge  
  68  6:31  Immortal (Chrono Boost)  
  68  6:41  Shield Battery  
  68  6:43  Gateway  
  66  6:47  Gateway  
  66  7:04  Templar Archives  
  66  7:06  Immortal (Chrono Boost)  
  70  7:11  Zealot x3  
  70  7:12  Zealot  
  76  7:30  Protoss Ground Weapons Level 2 (Chrono Boost)  
  76  7:36  Warp Prism (Chrono Boost)  
  76  7:37  Dark Shrine  
  76  7:43  Pylon  
  76  7:44  Pylon  
  76  7:57  Nexus  
  74  8:08  Pylon  
  74  8:09  High Templar x4  
  82  8:13  Archon  
  82  8:14  Archon  
  82  8:15  Zealot x2  
  86  8:37  Gateway  
  86  8:39  Gateway  
  86  8:44  Zealot x5  
  96  8:56  Dark Templar  
  98  9:04  Warp Prism  
  98  9:05  Dark Templar  
  100  9:10  Probe x2  
  100  9:12  Probe  
  103  9:24  High Templar x3  
  103  9:25  High Templar  
  103  9:26  Probe x2, Assimilator  
  103  9:28  Archon x2, Assimilator  
  103  9:29  Probe  
  114  9:37  Immortal (Chrono Boost)  
  112  9:42  Phoenix  
  112  9:44  Probe  
  117  9:52  Pylon  
  117  9:53  Pylon  
  117  9:59  Probe x2, Robotics Bay  
  117  10:06  Shield Battery x2  
  117  10:13  Probe  
  117  10:14  Probe x2  
  120  10:16  Robotics Facility  
  119  10:25  Probe  
  119  10:26  Probe x2  
  121  10:32  Photon Cannon  
  118  10:43  Zealot x6  
  130  10:52  Zealot x2  
  104  11:03  Zealot x2  
  87  11:05  Zealot  
  87  11:09  Zealot  
  73  11:14  Stalker  

Tags
 
Add a new tag
Caveats
  • Supply blocks, unpowered buildings, or Contaminate may cause inaccurate times.
  • Supply counts are checked every 10 seconds.